 Dungeon Crawl Stone Soup version 0.29.0-4-gdea44cf6ec (webtiles) character file.

Game seed: 10190202171250984680

138 qw the Chopper (level 5, 0/30 HPs)
             Began as a Tengu Warper on Aug 28, 2022.
             Slain by Prince Ribbit (15 damage)
             ... on level 6 of the Dungeon.
             The game lasted 00:00:12 (1863 turns).

qw the Chopper (Tengu Warper)                       Turns: 1863, Time: 00:00:13

Health: 0/30       AC: 10    Str: 13    XL:     5   Next: 21%
Magic:  9/9        EV:  7    Int: 13    God:
Gold:   143        SH:  0    Dex: 14    Spells: 8/8 levels left

rFire   . . .      SeeInvis .   Y - +2 hand axe
rCold   . . .      Faith    .   (no shield)
rNeg    . . .      Spirit   .   f - +0 chain mail
rPois   .          Reflect  .   (helmet restricted)
rElec   .          Harm     .   (no cloak)
rCorr   .          Rampage  .   k - +1 pair of gloves {hurl}
Will    .....                   (boots unavailable)
Stlth   ..........              (no amulet)
HPRegen 0.10/turn               (no ring)
MPRegen 0.11/turn               (no ring)

@: flying quickly and evasively, quick
A: beak, talons 3, nimble flight
a: no special abilities


You were on level 6 of the Dungeon.
You visited 1 branch of the dungeon, and saw 4 of its levels.

You collected 143 gold pieces.


Innate Abilities, Weirdness & Mutations

You have a beak for a mouth.
You have claws for feet.
Your magical nature lets you fly swiftly and evasively.


   Skills:
 - Level 2.0 Fighting
 - Level 5.8 Axes
 - Level 1.0 Throwing
 + Level 1.1 Armour
 - Level 2.1 Dodging
 - Level 2.0 Spellcasting
 - Level 2.4 Translocations


You had 8 spell levels left.
You didn't know any spells.
Your spell library contained the following spells:

 Spells                   Type           Power      Damage    Failure   Level
 Blink                    Tloc           14%        N/A       99%         2
 Gell's Gravitas          Tloc           7%         N/A       100%        3
 Lesser Beckoning         Tloc           7%         N/A       100%        3
 Teleport Other           Tloc           7%         N/A       100%        3
 Manifold Assault         Tloc           7%         N/A       100%        5

Inventory:

Hand Weapons
 i - a +0 whip
 Y - a +2 hand axe (weapon)
Missiles
 h - 4 boomerangs
 m - a javelin (quivered)
Armour
 f - a +0 chain mail (worn)
 k - a +1 pair of gloves of hurling (worn)
Scrolls
 a - a scroll of magic mapping {unknown}
 e - a scroll of immolation {unknown}
Potions
 b - a potion of mutation {unknown}
 c - a potion of magic {unknown}
 d - 3 potions of curing {unknown}
 j - a potion of resistance {unknown}
 l - a potion of ambrosia {unknown}

Dungeon Overview and Level Annotations

Branches:
Dungeon (6/15)
 Temple: D:4-7

Altars:

Annotations:
D:6 Prince Ribbit


Message History

You hit the bullfrog. Your kick misses the bullfrog.
The bullfrog is moderately wounded.
The bullfrog closely misses you.
The bullfrog hits you but does no damage.
You barely miss the bullfrog. Your peck misses the bullfrog.
The bullfrog is moderately wounded.
The bullfrog hits you but does no damage.
You slash the bullfrog! You claw the bullfrog.
The bullfrog is severely wounded.
You hit the bullfrog. The bullfrog barely misses you. The bullfrog hits you.
The bullfrog barely misses you.
An orc comes into view. It is wielding a +0 morningstar.
You barely miss the bullfrog. You peck the bullfrog.
The bullfrog is severely wounded.
You slash the bullfrog!
The bullfrog hits you but does no damage.
The bullfrog hits you. x2
You hit the bullfrog.
The bullfrog is almost dead.
You closely miss the bullfrog.
The bullfrog hits you but does no damage. x4
You hit the bullfrog.
You kill the bullfrog!
You hit the bullfrog.
The bullfrog hits you but does no damage.
An ogre comes into view. It is wielding a +0 giant spiked club.
Your Axes skill increases to level 5!
You have reached level 5!
Your magical nature develops, letting you fly swiftly and evasively.
You closely miss the bullfrog.
The ogre shouts!
You claw the bullfrog.
The bullfrog is almost dead.
You closely miss Prince Ribbit.
You hear a shout! x2
Prince Ribbit completely misses you.
The bullfrog hits you but does no damage.
Prince Ribbit hits you!
Ouch! That really hurt!
You die...

##....)##
##.......#
..#........###
#............##
#.......###..##
. #.>..####
##..## ...
#....
##..###....
...#
####.#........
##
#.....@F.o...#
......F..####.O
.........##
.........#
........##
$.......
.>....# (....#


You could see Prince Ribbit, an ogre, a bullfrog and an orc.

Vanquished Creatures
  A bullfrog (D:6)
  An adder (D:2)
  A worm (D:3)
  A dart slug (D:2)
  10 endoplasms
  2 giant cockroaches
  7 goblins
  7 hobgoblins
  2 jackals (D:2)
  2 quokkas
  2 ball pythons (D:1)
  7 bats
  A frilled lizard (D:2)
  4 kobolds
  7 rats
55 creatures vanquished.

Notes
Turn   | Place    | Note
-------+----------+-------------------------------------------
     0 | D:1      | qw the Tengu Warper began the quest for the Orb.
     0 | D:1      | Reached XP level 1. HP: 12/12 MP: 4/4
     0 | D:1      | 0 ||| qw: Version: 0.1-a-89-g26bdef1
     0 | D:1      | 0 ||| qw: Game counter: 30
     0 | D:1      | 0 ||| qw: Always use a shield: true
     0 | D:1      | 0 ||| qw: God list: Okawaru
     0 | D:1      | 0 ||| qw: Allow faded altars: false
     0 | D:1      | 0 ||| qw: Do Orc after D:15 true
     0 | D:1      | 0 ||| qw: Do second Lair branch before Depths: true
     0 | D:1      | 0 ||| qw: Lair rune preference: random
     0 | D:1      | 0 ||| qw: Plans: Normal
     0 | D:1      | 0 ||| PLANNING D:1-11
   257 | D:1      | Reached XP level 2. HP: 17/17 MP: 6/6
   263 | D:1      | Reached skill level 3 in Axes
   382 | D:1      | 382 ||| Stepping ~*~*~tactically~*~*~ (stealth).
   455 | D:1      | 455 ||| DROPPING +0 club.
   692 | D:1      | 692 ||| Stepping ~*~*~tactically~*~*~ (stealth).
   694 | D:1      | Reached XP level 3. HP: 20/21 MP: 7/7
   713 | D:1      | 713 ||| Stepping ~*~*~tactically~*~*~ (stealth).
   794 | D:1      | 794 ||| UPGRADING to +0 chain mail.
   804 | D:1      | 804 ||| DROPPING +0 leather armour.
   805 | D:1      | 805 ||| READING scroll labelled PYKOKL FEULAU.
   806 | D:1      | 806 ||| READING scroll labelled BYRPHE TIERANIKH.
   807 | D:1      | 807 ||| READING scroll labelled FYELEUTE ELYCU.
   808 | D:1      | 808 ||| DROPPING scroll of blinking.
   835 | D:2      | Reached skill level 4 in Axes
   905 | D:2      | 905 ||| Stepping ~*~*~tactically~*~*~ (hiding).
  1027 | D:2      | 1027 ||| Stepping ~*~*~tactically~*~*~ (stealth).
  1045 | D:2      | 1045 ||| FLEEEEING.
  1112 | D:2      | 1112 ||| Stepping ~*~*~tactically~*~*~ (stealth).
  1191 | D:2      | Reached XP level 4. HP: 26/26 MP: 8/8
  1193 | D:2      | 1193 ||| Stepping ~*~*~tactically~*~*~ (stealth).
  1194 | D:2      | 1194 ||| Stepping ~*~*~tactically~*~*~ (stealth).
  1204 | D:2      | 1204 ||| Stepping ~*~*~tactically~*~*~ (stealth).
  1284 | D:2      | 1284 ||| Stepping ~*~*~tactically~*~*~ (stealth).
  1489 | D:2      | 1489 ||| UPGRADING to +1 pair of gloves of hurling.
  1494 | D:2      | 1494 ||| READING scroll labelled ANUAMANESA.
  1595 | D:2      | 1595 ||| READING scroll labelled YTAUNKOGYM.
  1596 | D:2      | 1596 ||| READING scroll labelled SIYTSO MUOGOSCHAUPS.
  1597 | D:2      | 1597 ||| DRINKING 3 murky white potions.
  1598 | D:2      | 1598 ||| DROPPING 2 potions of flight.
  1717 | D:3      | 1717 ||| READING scroll of enchant weapon.
  1717 | D:3      | 1717 ||| ENCHANTING +1 hand axe.
  1839 | D:3      | You fall into a shaft and drop 3 floors!
  1852 | D:6      | Noticed a bullfrog
  1854 | D:6      | Noticed Prince Ribbit
  1855 | D:6      | Noticed a bullfrog
  1862 | D:6      | Killed a bullfrog
  1862 | D:6      | Noticed an ogre
  1863 | D:6      | Reached skill level 5 in Axes
  1863 | D:6      | Gained mutation: Your magical nature lets you fly swiftly
                  | and evasively. [Tengu growth]
  1863 | D:6      | Reached XP level 5. HP: 14/30 MP: 9/9
  1863 | D:6      | Slain by Prince Ribbit

Levels and vault maps discovered:
D:1:      minmay_arrival_solitary_statue, layout_basic, hangedman_decor_points
D:2:      layout_rooms
D:3:      layout_basic, serial_forest, infiniplex_forest_clump_small,
          infiniplex_forest_clump_small, infiniplex_forest_corner_1,
          infiniplex_forest_end_2, infiniplex_forest_end_2,
          infiniplex_forest_clump_tiny, infiniplex_forest_straight_4,
          infiniplex_forest_lined_3_way, infiniplex_forest_straight_1,
          uniq_terence
D:6:      layout_cave_pods, tso_metal_star, minmay_temple_entry_statues_pillars,
          minmay_manual_maat, uniq_prince_ribbit1

Skill      XL: |  1  2  3  4 |
---------------+-------------+-----
Axes           | 3 4 5 |  5.8
Fighting       | |  2.0
Throwing       | |  1.0
Armour         | |  1.1
Dodging        | |  2.1
Spellcasting   | |  2.0
Translocations | |  2.4

Action                   |  1- 3 |  4- 6 || total
-------------------------+-------+-------++-------
Melee: Hand axe          |    60 |    22 ||    82
       Kick              |    12 |     2 ||    14
       Peck              |    11 |     6 ||    17
Throw: Boomerang         |    27 |     1 ||    28
       Javelin           |    23 |    14 ||    37
  Use: Scroll            |     3 |     4 ||     7
       Potion            |       |     1 ||     1
Armor: Leather armour    |    11 |       ||    11
       Chain mail        |    15 |    16 ||    31
Dodge: Dodged            |    26 |     6 ||    32

Table legend:
 A = Non-vault XP
 B = Vault XP
 C = Vault XP percentage of total XP
 D = Non-vault monster count
 E = Vault monster count
 F = Vault count percentage of total count
                 A         B        C        D         E       F
            +---------+---------+-------+---------+---------+-------
      Total |     198 |       0 |   0.0 |      55 |       0 |   0.0
            +---------+---------+-------+---------+---------+-------
        D:1 |      43 |       0 |   0.0 |      26 |       0 |   0.0
        D:2 |      49 |       0 |   0.0 |      21 |       0 |   0.0
        D:3 |      16 |       0 |   0.0 |       7 |       0 |   0.0
        D:6 |      90 |       0 |   0.0 |       1 |       0 |   0.0
            +---------+---------+-------+---------+---------+-------
